 Dungeon Crawl Stone Soup version 0.29-a0-283-ga02f740833 (webtiles) character file.

Game seed: 2467249373402476110

284 mdonais the Sneak (level 6, -1/43 HPs)
             Began as an Octopode Gladiator on Mar 14, 2022.
             Was a High Priest of Ignis.
             Slain by an ogre
             ... wielding a +0 giant club
              (32 damage)
             ... on level 4 of the Dungeon.
             The game lasted 00:11:27 (2615 turns).

mdonais the Sneak (Octopode Gladiator)              Turns: 2615, Time: 00:11:28

Health: -1/43      AC:  4    Str: 13    XL:     6   Next: 29%
Magic:  6/6        EV: 13    Int: 11    God:    Ignis [*****.]
Gold:   345        SH:  5    Dex: 15    Spells: 5/5 levels left

rFire   + . .      SeeInvis .   a - +0 long sword
rCold   . . .      Faith    .   c - +1 buckler {AC+3}
rNeg    . . .      Spirit   .   b - +0 hat
rPois   .          Reflect  .   (no amulet)
rElec   .          Harm     .   (no ring)
rCorr   .          Rampage  .   (no ring)
Will    .....                   (no ring)
Stlth   ++++......              (no ring)
HPRegen 0.14/turn               (no ring)
MPRegen 0.10/turn               (no ring)
                                (no ring)
                                (no ring)

@: no status effects
A: almost no armour, amphibious, 8 rings, camouflage 1, gelatinous body 1,
(nimble swimmer 1), tentacles
a: Renounce Religion, Fiery Armour, Foxfire Swarm, Rising Flame


You were on level 4 of the Dungeon.
You worshipped Ignis.
Ignis was extremely pleased with you.
You visited 1 branch of the dungeon, and saw 4 of its levels.

You collected 345 gold pieces.

Inventory:

Hand Weapons
 a - a +0 long sword (weapon)
Missiles
 d - 99 stones
 m - 2 poisoned darts
 t - 2 boomerangs
 v - a javelin (quivered)
 Z - 3 throwing nets {=!f}
Armour
 b - a +0 hat (worn)
 c - a +1 buckler of protection (worn)
   (You acquired it on level 4 of the Dungeon)
Jewellery
 p - an amulet of guardian spirit
   (You found it on level 3 of the Dungeon)
Scrolls
 g - a scroll of fear
 h - 2 scrolls of noise
 k - 3 scrolls of enchant weapon
 l - a scroll of amnesia
 T - 2 scrolls of teleportation
Potions
 e - 2 potions of curing {unknown}
 i - a potion of degeneration {unknown}
 j - a potion of magic {unknown}
 o - a potion of brilliance {unknown}
 q - a potion of cancellation {unknown}
 s - a potion of flight {unknown}


   Skills:
 - Level 3.7 Fighting
 - Level 4.6 Long Blades
 - Level 2.0 Throwing
 - Level 3.0 Dodging
 - Level 5.0 Stealth
 * Level 0.4 Shields


You had 5 spell levels left.
You didn't know any spells.
Your spell library was empty.

Dungeon Overview and Level Annotations

Branches:
Dungeon (4/15)
 Temple: D:4-7

Altars:
Ashenzari
Cheibriados
Uskayaw
Vehumet
Wu Jian
Xom
Ignis

Shops:
D:3 [


Innate Abilities, Weirdness & Mutations

You cannot wear most types of armour.
You are amphibious.
You can wear up to eight rings at the same time.
Your skin changes colour to match your surroundings (Stealth+).
Your rubbery body absorbs attacks. (AC +1, EV +1)
((You are camouflaged when in or above water. (Stealth+)))
You have tentacles for arms and can constrict up to eight enemies at once.


Message History

Found 11 gold pieces.
There is a stone staircase leading up here.
As you read the scroll labelled UMYMICE LAZXUSYCS, it crumbles to dust.
It is a scroll of identify.
f - a scroll of teleportation;
T - a scroll of teleportation
R - 5 scrolls of identify
As you read the scroll of identify, it crumbles to dust.
g - a scroll of fear
As you read the scroll of identify, it crumbles to dust.
h - 2 scrolls of noise
As you read the scroll of identify, it crumbles to dust.
k - a scroll of enchant weapon
As you read the scroll of identify, it crumbles to dust.
l - a scroll of amnesia
As you read the scroll of identify, it crumbles to dust.
n - a scroll of acquirement Something appears before you!
c - a +1 buckler of protection You start putting on your armour.
You continue putting on your +1 buckler of protection. x4
You finish putting on your +1 buckler of protection.
You feel protected.
Blink to where?
Press: ? - help, Dir - move target
As you read the scroll labelled YFOBRU FURIRRU, it crumbles to dust.
It was a scroll of blinking.
As you read the scroll labelled BYHEFUACASI, it crumbles to dust.
The scroll dissolves into smoke.
It was a scroll of fog.
Found a scroll of teleportation.
You now have 345 gold pieces (gained 11).
An endoplasm comes into view.
Found 2 scrolls of enchant weapon.
Found 21 stones.
The endoplasm quivers.
You slash the endoplasm!
You kill the endoplasm!
No target in view!
T - 2 scrolls of teleportation (gained 1)
A giant cockroach comes into view.
Found a glass wand.
You see here 2 scrolls of enchant weapon.
k - 3 scrolls of enchant weapon (gained 2)
You slash the giant cockroach!
You kill the giant cockroach!
No target in view!
You see here a giant cockroach corpse.
P - a wand of paralysis (2)
You hear the slow rusting of a very distant drain.
d - 99 stones (gained 21)
Found 3 poisoned darts.
You open the door.
There is an open door here.
You open the door.
There is an open door here.
A goblin comes into view. It is wielding a +0 club.
A kobold comes into view. It is wielding a +0 club.
The goblin shouts!
You barely miss the goblin.
The kobold shouts!
Your grab misses the goblin. The goblin hits you with a +0 club.
You take 3 damage, and have 40/43 hp.
You slash the goblin!
You kill the goblin!
You see here a +0 club.
The kobold misses you.
You hit the kobold.
You kill the kobold!
Things that are here:
a +0 club; a kobold corpse You open the door.
There is an open door here.
Health restored: 43 You see here a +0 club.
You hear the slow rusting of a very distant drain.
There is an open door here.
As you open the door, it creaks loudly!
There is an open door here.
You open the door.
There is an open door here.
You open the door.
There is an open door here.
You open the door.
There is an open door here.
A kobold comes into view. It is wielding a +0 whip.
The kobold shouts!
You hit the kobold but do no damage. You grab the kobold.
You constrict the kobold. The kobold hits you but does no damage.
You hit the kobold but do no damage. You squeeze the kobold.
You kill the kobold!
You hear the slow rusting of a very distant drain.
Found 6 gold pieces.
Found 15 stones.
A dart slug comes into view.
You see here 6 gold pieces.
The helpless dart slug fails to defend itself.
You slash the dart slug! You grab the dart slug. You squeeze the dart slug.
You kill the dart slug!
You see here a dart slug corpse.
A goblin comes into view. It is wielding a +0 dagger.
You open the door.
There is an open door here.
You open the door.
There is an open door here.
You open the door.
There is an open door here.
Found a radiant altar of Vehumet.
Found three altars.
Found 18 gold pieces.
A ball python comes into view.
The ball python hisses angrily.
The ball python bites you. The ball python closely misses you.
You take 2 damage, and have 41/43 hp.
You open the door. The ball python barely misses you.
You block the ball python's attack. The ball python closely misses you.
You block the ball python's attack.
You hit the ball python. You grab the ball python.
The ball python is moderately wounded.
You constrict the ball python. The ball python misses you.
The ball python barely misses you.
You hit the ball python.
You kill the ball python!
An ogre comes into view. It is wielding a +0 giant club.
Found a snail-covered altar of Cheibriados.
There is an open door here.
A jelly comes into view.
You hear the rusting of a very distant drain.
The helpless ogre fails to defend itself.
You slash the ogre! Your squeeze misses the ogre.
The ogre is moderately wounded.
The ogre hits you with a +0 giant club!
You take 12 damage, and have 30/43 hp.
MASSIVE DAMAGE!!
Okay, then.
Okay, then.
Aiming: Paralyse
Press: ? - help, Shift-Dir - straight line, f - ogre
Aim: an ogre, wielding a +0 giant club (moderately wounded, chance to affect: 49%)
The ogre resists with some effort.
You block the ogre's attack.
Aiming: Paralyse
Press: ? - help, Shift-Dir - straight line, f/p - ogre
Aim: an ogre, wielding a +0 giant club (moderately wounded, chance to affect: 49%)
The ogre resists with some effort.
The now-empty wand crumbles to dust.
The ogre misses you.
Activating: Foxfire Swarm
Press: ? - help, Dir - look around, f - activate Flames leap up around you!
Your foxfire dissipates!
The ogre attacks as you move away!
The ogre hits you with a +0 giant club!!
Ouch! That really hurt!
You die...

.J..'. ...#'##
########
.....###......#
._....#......#
.....#......#
#vvvv#..._..#
#vOv##.._8_.#
#v@v#...._..#
#v.v#.......#
#vvvv.......#
##+##..$....#####
......####....#
.......# #....#
>.......# #....#
........# #....#
........# #....#


You could see an ogre (ally target) and a jelly (asleep).

Vanquished Creatures
  Sigmund (D:3)
  3 gnolls (D:3)
  4 adders
  3 dart slugs
  7 endoplasms
  7 giant cockroaches
  9 goblins
  6 hobgoblins
  3 quokkas
  7 ball pythons
  3 bats (D:2)
  7 kobolds
  6 rats
66 creatures vanquished.

Vanquished Creatures (others)
  3 fungi (D:1)
  5 toadstools (D:1)
8 creatures vanquished.

Grand Total: 74 creatures vanquished

Notes
Turn   | Place    | Note
-------+----------+-------------------------------------------
     0 | D:1      | mdonais the Octopode Gladiator began the quest for the Orb.
     0 | D:1      | Reached XP level 1. HP: 14/14 MP: 1/1
    65 | D:1      | Reached skill level 1 in Stealth
   244 | D:1      | Reached XP level 2. HP: 13/19 MP: 2/2
   468 | D:1      | Reached skill level 2 in Stealth
   622 | D:1      | Reached XP level 3. HP: 25/25 MP: 3/3
   905 | D:1      | Found a faded altar of an unknown god.
   910 | D:1      | Prayed at the altar of an unknown god.
   910 | D:1      | Became a worshipper of Ignis, the Dying Flame
  1032 | D:2      | Reached skill level 3 in Stealth
  1310 | D:2      | Reached XP level 4. HP: 26/30 MP: 4/4
  1583 | D:3      | Noticed Sigmund
  1589 | D:3      | Killed Sigmund
  1590 | D:3      | Reached skill level 5 in Stealth
  1590 | D:3      | Reached XP level 5. HP: 30/36 MP: 5/5
  1752 | D:3      | Reached XP level 6. HP: 38/42 MP: 6/6
  1975 | D:3      | Found Ifiwkig's Armour Shop.
  2248 | D:3      | Found a hide-covered altar of Uskayaw.
  2417 | D:4      | Identified a scroll of acquirement
  2418 | D:4      | Acquired a +1 buckler of protection
  2595 | D:4      | Found a radiant altar of Vehumet.
  2596 | D:4      | Found a shimmering altar of Xom.
  2596 | D:4      | Found an ornate altar of the Wu Jian Council.
  2596 | D:4      | Found a broken altar of Ashenzari.
  2608 | D:4      | Found a snail-covered altar of Cheibriados.
  2615 | D:4      | Slain by an ogre

Illustrated notes

Levels and vault maps discovered:
D:1:      spicycebolla_arrival_teleporter_tutorial, layout_loops_ring,
          hellmonk_ecumenical_altar_leap_of_faith, minivault_4,
          serial_park_tiny_pond, minmay_gold_behind_fungi,
          hangedman_feature_mirror, hangedman_decor_clover_reticule,
          corexii_item_surrounded_by_moat
D:2:      layout_rooms, minmay_tiny_reverse_x
D:3:      layout_loops_ring, lemuel_tele_altar, serial_shops,
          nicolae_shop_statue_plus, uniq_sigmund
D:4:      layout_gridville, cheibriados_altar_1,
          chequers_temple_overflow_statue_of_worship,
          cheibrodos_sewer_entry_bend, uniq_menkaure, uniq_pikel

Skill      XL: |  1  2  3  4 |
---------------+-------------+-----
Stealth        | 1 2 3 5 |  5.0
Fighting       | 3 |  3.7
Long Blades    | 4 |  4.6
Throwing       | |  2.0
Dodging        | |  3.0
Shields        | |  0.4

Action                   |  1- 3 |  4- 6 || total
-------------------------+-------+-------++-------
Melee: Long sword        |    62 |    49 ||   111
       Constrict         |    17 |    13 ||    30
       Tentacles         |    11 |     8 ||    19
       Punch             |     1 |       ||     1
Invok: Foxfire Swarm     |       |     1 ||     1
Evoke: Wand              |       |     2 ||     2
  Use: Scroll            |       |     9 ||     9
 Stab: Sleeping          |     7 |    15 ||    22
Armor: Skin              |     7 |     1 ||     8
Dodge: Dodged            |    47 |    21 ||    68
Block: Buckler           |       |     3 ||     3

Table legend: (Time is in decaauts)
 A = Elapsed time spent in this place.
 B = Non-inter-level travel time spent in this place.
 C = Inter-level travel time spent in this place.
 D = Time resting spent in this place.
 E = Time spent auto-exploring this place.
 F = Levels seen in this place.
 G = Mean time per level.
                   A        B        C        D        E       F      G
               +--------+--------+--------+--------+--------+-----+--------+
         Total |   2638 |   2529 |    109 |    436 |   1403 |   4 |  659.5 |
       Dungeon |   2638 |   2529 |    109 |    436 |   1403 |   4 |  659.5 |
               +--------+--------+--------+--------+--------+-----+--------+

Top non-repeatable levels by time:
     D:1: 980 daAuts
     D:3: 832 daAuts
     D:2: 620 daAuts
     D:4: 205 daAuts
